 Seeded DCSS version 0.29.1-15-g9cfb28693d (webtiles) character file.

Game seed: 202302273465767 (custom seed)

4 Mickster the Grave Robber (level 1, -1/16 HPs)
             Began as a Demigod Wanderer on Feb 28, 2023.
             Slain by a hobgoblin (3 damage)
             ... on level 1 of the Dungeon.
             The game lasted 00:05:15 (175 turns).

Mickster the Grave Robber (Demigod Wanderer)         Turns: 175, Time: 00:05:16

Health: -1/16      AC:  3    Str: 10 (11) XL:     1   Next: 46%
Magic:  4/4        EV: 11    Int: 10 (12) God:
Gold:   0          SH:  0    Dex: 15 (17) Spells: 1/2 levels left

rFire   . . .      SeeInvis .   g - +2 lajatang (vamp)
rCold   . . .      Faith    .   (shield currently unavailable)
rNeg    . . .      Spirit   .   d - +0 robe
rPois   .          Reflect  .   b - +0 helmet
rElec   .          Harm     .   (no cloak)
rCorr   .          Rampage  .   (no gloves)
Will    .....                   (no boots)
Stlth   ++........              (no amulet)
HPRegen 0.05/turn               (no ring)
MPRegen 0.09/turn               (no ring)

@: no status effects
A: high MP 1, forlorn, divine attributes
a: no special abilities


You were on level 1 of the Dungeon.
You visited 1 branch of the dungeon, and saw 1 of its levels.

Inventory:

Hand Weapons
 a - a +0 quarterstaff
 f - a +0 spear
 g - a +2 vampiric lajatang (weapon)
Missiles
 e - 3 stones
Armour
 b - a +0 helmet (worn)
 d - a +0 robe (worn)
Potions
 c - a potion of curing


   Skills:
 + Level 1.0 Fighting
 * Level 1.0 Staves
 + Level 1.7 Armour
 + Level 1.0 Stealth
 + Level 1.1 Spellcasting
 + Level 3.8 Necromancy


You had one spell level left.
You knew the following spells:

 Your Spells              Type           Power      Damage    Failure   Level
a - Necrotise             Necr           32%        1d5       7%          1

Your spell library contained the following spells:

 Spells                   Type           Power      Damage    Failure   Level
 Vampiric Draining        Necr           8%         2d6       22%         3
 Anguish                  Hex/Necr       2%         N/A       83%         4


Dungeon Overview and Level Annotations

Branches:
Dungeon (1/15)


Innate Abilities, Weirdness & Mutations

You have an increased reservoir of magic. (+10% MP)
You shall have no god before yourself.
Your divine heritage dramatically boosts your attributes as you level up.


Message History

The hobgoblin is moderately wounded.
The hobgoblin hits you. x2; The hobgoblin closely misses you.
The hobgoblin hits you.
You closely miss the hobgoblin.
The hobgoblin is moderately wounded.
The hobgoblin closely misses you. The hobgoblin barely misses you.
You barely miss the hobgoblin.
The hobgoblin is moderately wounded.
The hobgoblin hits you. x2
You barely miss the hobgoblin.
The hobgoblin is moderately wounded.
The hobgoblin barely misses you. x2
The hobgoblin hits you but does no damage.
The hobgoblin misses you.
You hit the hobgoblin.
You feel better.
You kill the hobgoblin!
The hobgoblin hits you. The hobgoblin hits you.
You see here a hobgoblin corpse.
You barely miss the hobgoblin. The hobgoblin barely misses you.
Your kobold skeleton hits the hobgoblin but does no damage.
You barely miss the hobgoblin. The hobgoblin closely misses you.
Your kobold skeleton hits the hobgoblin but does no damage.
The hobgoblin barely misses you.
You barely miss the hobgoblin.
Your kobold skeleton hits the hobgoblin but does no damage.
The hobgoblin hits you.
You closely miss the hobgoblin. The hobgoblin hits you.
* * * LOW HITPOINT WARNING * * *
Your kobold skeleton barely misses the hobgoblin.
You barely miss the hobgoblin. The hobgoblin hits you.
* * * LOW HITPOINT WARNING * * *
Your kobold skeleton hits the hobgoblin but does no damage.
The hobgoblin barely misses you.
You barely miss the hobgoblin.
Your kobold skeleton barely misses the hobgoblin.
The hobgoblin hits you.
* * * LOW HITPOINT WARNING * * *
You closely miss the hobgoblin. The hobgoblin hits you.
You die...

######## #####....[.#
...........# ########
...........# #......#
...........# #......#
#####......#####......#
...........'.).Z@.....+
#####......#####g.....#
#......# #......#
######## #......#
########


You could see a hobgoblin (ally target) and a friendly kobold skeleton.

Vanquished Creatures
  2 hobgoblins (D:1)
  A quokka (D:1)
  A kobold (D:1)
4 creatures vanquished.

Notes
Turn   | Place    | Note
-------+----------+-------------------------------------------
     0 | D:1      | Mickster the Demigod Wanderer began the quest for the Orb.
     0 | D:1      | Mickster set off with the following items: a +0
                  | quarterstaff, a +0 helmet, a potion of curing, a +0 robe;
                  | and the following spell memorised: Necrotise; and the
                  | following spells available to memorise: Vampiric Draining,
                  | Anguish.
     0 | D:1      | Reached XP level 1. HP: 16/16 MP: 4/4
    98 | D:1      | Identified a scroll of acquirement
    98 | D:1      | Acquired a +2 vampiric lajatang
   175 | D:1      | Slain by a hobgoblin

Illustrated notes

Levels and vault maps discovered:
D:1:      evilmike_arrival_home_sweet_home, layout_basic

Action                   || total
-------------------------++-------
Melee: Lajatang          ||    13
       Quarterstaff      ||     2
 Cast: Necrotise         ||     4
  Use: Scroll            ||     1
       Potion            ||     1
Armor: Robe              ||     1
Dodge: Dodged            ||    12
